Map: Backwater LE

Players

Parma

  • Race: Terran Terran
  • League: Diamond
  • Spawn Location: 11:00

Standby - Winner!

  • Race: Zerg Zerg
  • League: Diamond
  • Spawn Location: 5:00

VOD

Have the link to the VOD?

Description

Time

  • Played on: April 27, 2018, 2:23 p.m.
  • Length: 16:12
Show
View Real Time Build Order
Export as new Build Order

Parma Terran 

Build Orders: Hellion Opening 

Get SALT Encoding   

  12  0:01  SCV  
  13  0:13  SCV  
  14  0:17  Supply Depot  
  14  0:25  SCV  
  15  0:29  Refinery  
  15  0:38  SCV  
  16  0:45  Barracks  
  16  0:51  SCV  
  17  1:03  SCV  
  18  1:15  SCV  
  19  1:27  SCV  
  20  1:34  Reaper  
  21  1:40  Orbital Command  
  21  1:53  Command Center  
  21  2:06  SCV, Factory  
  22  2:13  Barracks Reactor  
  22  2:16  Supply Depot  
  22  2:22  SCV  
  23  2:24  Refinery  
  23  2:37  SCV  
  24  2:57  Starport  
  24  2:59  Barracks Tech Lab, Hellion x2  
  24  3:03  SCV  
  24  3:05  Orbital Command  
  29  3:18  SCV  
  30  3:20  Hellion  
  30  3:21  Hellion  
  34  3:31  SCV  
  34  3:32  Supply Depot  
  35  3:35  SCV  
  36  3:43  SCV  
  36  3:47  SCV  
  38  3:52  Armory, Viking  
  38  3:54  Hellion  
  38  3:55  SCV  
  43  3:56  Hellion  
  43  3:59  SCV  
  46  4:03  Supply Depot  
  46  4:08  Barracks Reactor  
  46  4:09  SCV  
  47  4:11  SCV  
  47  4:15  Refinery x2  
  48  4:36  Hellion x2  
  52  4:41  Supply Depot  
  52  4:42  SCV  
  52  4:43  Terran Vehicle Weapons Level 1  
  53  5:02  SCV  
  53  5:03  SCV  
  53  5:06  Engineering Bay  
  55  5:14  Supply Depot  
  56  5:21  SCV  
  56  5:28  Factory  
  56  5:29  Command Center  
  56  5:30  Factory  
  56  5:35  Barracks Tech Lab  
  51  5:48  Banshee, Cyclone x2  
  48  5:50  Cloaking Field  
  48  5:55  SCV x2  
  50  6:07  SCV  
  51  6:13  Cyclone x2  
  51  6:16  SCV  
  58  6:20  SCV, Cyclone x2  
  65  6:27  Thor  
  65  6:31  Banshee, SCV  
  65  6:32  SCV  
  76  6:50  Hellion x2  
  76  6:52  Hellion x2  
  84  6:55  Orbital Command  
  84  6:57  SCV x2  
  86  7:02  Supply Depot  
  86  7:04  Missile Turret  
  86  7:06  Terran Vehicle Weapons Level 2  
  86  7:11  Hellion x2  
  86  7:14  Raven  
  92  7:21  SCV  
  93  7:23  SCV x2  
  95  7:31  Thor  
  101  8:17  Refinery  
  101  8:18  Refinery  
  101  8:22  SCV x2, Cyclone x2  
  101  8:23  Supply Depot x2  
  101  8:24  Supply Depot  
  109  8:31  Barracks Reactor  
  109  8:33  Command Center  
  109  8:36  Factory  
  109  8:38  Factory  
  109  8:44  SCV x2, Cyclone x2  
  109  8:45  SCV, Cyclone  
  121  8:52  Armory, Hellion  
  121  8:56  SCV  
  121  8:58  Hellion x2  
  126  9:17  Hellion x3  
  132  9:38  Hellion x4  
  133  9:39  Hellion  
  110  9:52  Cyclone x2  
  102  9:53  Raven  
  102  9:59  Cyclone x4  
  85  10:28  Terran Vehicle Weapons Level 3  
  85  10:29  Terran Vehicle And Ship Armor Level 1, Refinery  
  85  10:34  Cyclone x3  
  88  10:35  Hellion x2  
  88  10:36  Hellion x2  
  88  10:40  Refinery  
  88  10:41  Planetary Fortress  
  92  10:44  SCV  
  93  10:57  Hellion x4  
  97  10:58  SCV x3  
  104  11:06  Hellion x2  
  104  11:07  Hellion  
  104  11:10  SCV x2  
  112  11:18  Hellion  
  118  11:19  Infernal Pre-Igniter  
  116  11:26  Fusion Core  
  116  11:28  Factory Tech Lab  
  116  11:30  Siege Tank  
  116  11:32  Barracks Tech Lab  
  117  11:33  Cyclone x3  
  117  11:35  Hellion x2  
  117  11:39  Cyclone  
  133  11:42  Factory  
  133  11:43  Factory  
  133  11:45  SCV x4  
  137  11:57  SCV x3  
  137  11:58  Raven  
  142  12:04  Corvid Reactor  
  142  12:07  Hellion x3  
  148  12:16  Supply Depot  
  148  12:18  Supply Depot  
  148  12:19  Supply Depot  
  148  12:20  Supply Depot  
  148  12:31  Hellion  
  148  12:38  Hellion x4  
  148  12:40  Hellion x3  
  119  12:52  Hellion  
  119  12:57  Factory Tech Lab  
  119  12:58  Factory Tech Lab  
  88  13:03  Starport  
  88  13:04  Siege Tank  
  88  13:05  Hellion x4  
  99  13:06  Hellion x2  
  101  13:14  Siege Tank  
  101  13:15  SCV x3  
  101  13:16  SCV  
  108  13:26  Hellion  
  110  13:27  SCV x2  
  110  13:28  SCV  
  111  13:36  Siege Tank  
  104  13:42  Starport  
  104  13:44  Barracks Reactor  
  104  13:46  Siege Tank  
  104  13:47  Starport  
  102  14:06  Thor  
  102  14:07  Thor  
  102  14:08  Siege Tank  
  117  14:17  Viking x2  
  110  14:37  Siege Tank  
  100  14:38  Hellion x3  
  100  14:39  Hellion x3  
  100  14:40  Siege Tank  
  111  14:49  Siege Tank  
Show
View Real Time Build Order
Export as new Build Order

Standby Zerg - Winner!

Build Orders: Hatch First 

Get SALT Encoding   

  12  0:01  Drone  
  13  0:13  Overlord  
  13  0:17  Drone  
  14  0:31  Drone x2  
  14  0:35  Drone  
  17  0:53  Hatchery  
  17  0:56  Drone  
  17  0:59  Drone  
  18  1:09  Extractor  
  17  1:15  Spawning Pool  
  17  1:18  Drone  
  17  1:21  Drone  
  18  1:29  Drone  
  19  1:39  Overlord  
  19  1:50  Drone  
  20  2:01  Queen  
  20  2:02  Zergling x2  
  20  2:05  Zergling x2, Queen  
  26  2:12  Zergling x2  
  26  2:13  Metabolic Boost  
  27  2:18  Drone  
  28  2:24  Drone  
  28  2:28  Drone  
  30  2:40  Queen  
  32  2:49  Hatchery  
  31  2:54  Overlord  
  31  3:02  Queen  
  33  3:06  Drone  
  33  3:08  Drone  
  35  3:14  Drone x2  
  35  3:16  Drone  
  38  3:25  Overlord  
  38  3:26  Drone  
  40  3:27  Drone  
  40  3:29  Drone  
  41  3:34  Pneumatized Carapace  
  41  3:44  Overlord  
  41  3:46  Drone x3  
  45  3:48  Drone  
  45  3:51  Drone  
  46  4:07  Roach Warren, Extractor, Lair  
  46  4:09  Queen  
  46  4:22  Drone x7  
  50  4:54  Roach x8  
  50  4:57  Overlord x2  
  50  4:58  Overlord  
  66  5:06  Spine Crawler  
  65  5:20  Glial Reconstitution  
  65  5:23  Drone  
  65  5:24  Evolution Chamber, Drone x10  
  75  5:29  Evolution Chamber  
  75  5:33  Overlord x3  
  75  5:34  Drone  
  75  5:38  Extractor  
  72  5:56  Zerg Missile Weapons Level 1, Zerg Ground Armor Level 1  
  72  5:59  Drone  
  72  6:00  Drone x8  
  72  6:03  Extractor  
  80  6:11  Overseer  
  80  6:14  Overseer x2  
  80  6:18  Drone x7  
  87  6:29  Extractor  
  87  6:30  Extractor  
  85  6:36  Drone x4  
  85  6:38  Hydralisk Den  
  88  6:44  Hatchery  
  87  7:02  Overlord  
  87  7:03  Overlord x5  
  87  7:10  Grooved Spines  
  87  7:12  Roach  
  89  7:18  Overlord  
  89  7:19  Overlord x2  
  87  7:23  Overseer x2  
  87  7:24  Hydralisk  
  87  7:25  Hydralisk x10  
  106  7:50  Zerg Missile Weapons Level 2  
  106  7:51  Zerg Ground Armor Level 2  
  106  7:52  Roach  
  106  7:53  Roach  
  110  8:01  Queen  
  112  8:14  Roach  
  112  8:15  Roach x12  
  112  8:17  Roach  
  140  8:24  Muscular Augments  
  140  8:30  Drone  
  140  8:31  Drone x6  
  147  8:46  Drone x5  
  152  8:52  Drone x2  
  152  8:53  Drone x2  
  156  8:58  Extractor  
  156  9:01  Extractor  
  154  9:06  Drone x3  
  154  9:07  Overlord x2  
  154  9:08  Overlord x3  
  157  9:31  Hydralisk  
  157  9:32  Hydralisk x15  
  113  10:00  Roach  
  113  10:01  Roach x16  
  136  10:23  Zerg Melee Weapons Level 1  
  136  10:25  Infestation Pit  
  136  10:28  Hatchery  
  134  10:29  Spire  
  133  10:41  Hydralisk x8  
  149  10:57  Spore Crawler  
  149  10:58  Spine Crawler  
  149  11:02  Hive  
  147  11:14  Hydralisk x6  
  159  11:27  Hatchery  
  159  11:32  Overseer  
  158  11:38  Roach  
  158  11:39  Roach x10  
  180  12:01  Roach  
  180  12:02  Roach x9  
  200  12:18  Greater Spire  
  156  12:55  Hydralisk x7  
  156  12:56  Hydralisk x4  
  156  12:57  Hydralisk x5  
  170  13:00  Corruptor x4  
  170  13:04  Viper  
  170  13:05  Viper  
  184  13:16  Zerg Missile Weapons Level 3  
  184  13:18  Zerg Ground Armor Level 3  
  176  13:45  Evolution Chamber  
  176  13:46  Evolution Chamber  
  174  14:03  Hydralisk  
  174  14:04  Hydralisk x12  
  156  14:45  Brood Lord x4  
  152  14:46  Drone, Corruptor  
  152  14:47  Corruptor x4  
  151  15:09  Roach  
  151  15:10  Roach x9  
  153  15:21  Overseer x5  
  151  15:44  Hydralisk x5  
  151  15:45  Hydralisk x6  
Tags
 
Add a new tag
Caveats
  • Supply blocks, unpowered buildings, or Contaminate may cause inaccurate times.
  • Supply counts are checked every 10 seconds.